 Dungeon Crawl Stone Soup version 0.29.1-14-g9c671dbff4 (webtiles) character file.

Game seed: 16823757356372899231

17 Heoruswealwe the Caller (level 2, 0/15 HPs)
             Began as a Deep Elf Summoner on Feb 13, 2023.
             Slain by a quokka (3 damage)
             ... on level 1 of the Dungeon.
             The game lasted 00:05:37 (392 turns).

Heoruswealwe the Caller (Deep Elf Summoner)          Turns: 392, Time: 00:05:38

Health: 0/15       AC:  2    Str:  5    XL:     2   Next: 44%
Magic:  8/8        EV: 12    Int: 19    God:
Gold:   32         SH:  0    Dex: 15    Spells: 6/7 levels left

rFire   . . .      SeeInvis .   (no weapon)
rCold   . . .      Faith    .   (no shield)
rNeg    . . .      Spirit   .   a - +0 robe
rPois   .          Reflect  .   (no helmet)
rElec   .          Harm     .   (no cloak)
rCorr   .          Rampage  .   (no gloves)
Will    .....                   (no boots)
Stlth   ++........              (no amulet)
HPRegen 0.05/turn               (no ring)
MPRegen 0.11/turn               (no ring)

@: no status effects
A: no striking features
a: no special abilities


You were on level 1 of the Dungeon.
You visited 1 branch of the dungeon, and saw 1 of its levels.

You collected 32 gold pieces.

Inventory:

Hand Weapons
 c - a +0 whip
 f - a +0 dagger
Missiles
 e - 12 stones
Armour
 a - a +0 robe (worn)
 d - a +0 ring mail
 g - a +0 chain mail
Potions
 b - a potion of magic


   Skills:
 + Level 0.0 Fighting
 + Level 0.3 Long Blades
 + Level 2.4 Dodging
 + Level 2.5 Stealth
 * Level 3.0 Spellcasting
 + Level 0.0 Conjurations
 + Level 0.4 Hexes
 * Level 4.4 Summonings
 + Level 0.6 Necromancy
 + Level 0.3 Translocations
 + Level 0.5 Transmutations
 + Level 0.0 Fire Magic
 + Level 0.4 Ice Magic
 + Level 0.0 Air Magic
 + Level 0.0 Earth Magic
 + Level 0.0 Poison Magic
 + Level 0.0 Invocations
 + Level 0.0 Evocations


You had 6 spell levels left.
You knew the following spells:

 Your Spells              Type           Power      Damage    Failure   Level
a - Summon Small Mammal   Summ           76%        N/A       2%          1

Your spell library contained the following spells:

 Spells                   Type           Power      Damage    Failure   Level
 Call Imp                 Summ           19%        N/A       3%          2
 Call Canine Familiar     Summ           19%        N/A       8%          3
 Summon Guardian Golem    Hex/Summ       12%        N/A       17%         3
 Summon Lightning Spire   Summ/Air       11%        N/A       52%         4


Dungeon Overview and Level Annotations

Branches:
Dungeon (1/15)

Altars:

Shops:
D:1 :


Message History

Your quokka barely misses the quokka.
The quokka closely misses your quokka.
Your quokka closely misses the quokka.
The quokka barely misses your quokka.
Your quokka bites the quokka but does no damage.
The quokka bites your quokka.
Your quokka bites the quokka but does no damage.
The quokka misses your quokka.
Your quokka closely misses the quokka.
The quokka bites your quokka.
Your quokka dies!
Your quokka's corpse disappears in a puff of smoke!
Casting: Summon Small Mammal (safe; 2% risk of failure)
Confirm with . or Enter, or press ? or * to list all spells.
The quokka attacks as you move away! The quokka misses you.
The quokka misses you.
Your quokka completely misses the quokka.
You swap places.
The quokka barely misses you.
Your quokka closely misses the quokka.
The quokka misses you.
Your quokka barely misses the quokka.
Your quokka closely misses the quokka.
The quokka misses you.
Your quokka closely misses the quokka.
There is an open door here.
Casting: Summon Small Mammal (safe; 2% risk of failure)
Confirm with . or Enter, or press ? or * to list all spells.
The quokka barely misses you.
Your quokka closely misses the quokka.
The quokka attacks as you move away! The quokka completely misses you.
The quokka barely misses you. The quokka bites you.
Your rat misses the quokka. The quokka barely misses you.
Your rat barely misses the quokka.
Your quokka closely misses the quokka.
The quokka bites you.
* * * LOW HITPOINT WARNING * * *
Your quokka bites the quokka.
Your rat barely misses the quokka.
The quokka twitches its whiskers.
The quokka closely misses you.
Your quokka closely misses the quokka.
Your rat closely misses the quokka.
The quokka misses you. The quokka attacks as you move away!
The quokka bites you but does no damage.
The quokka attacks as you move away! The quokka closely misses you.
The quokka attacks as you move away! The quokka completely misses you.
The quokka closely misses you. The quokka attacks as you move away!
The quokka bites you.
You die...

#.#...... #)#......
#.#......
################.#......
.........##....#.#....^.
...............'..#
##.#####.##....#..# #.##
#..#....#..# # #..#
##....r.#@.####.# ##.#
######r#r......# ##.##
#.#r#..##########
#.♣#♣♣#
#.r†.............
#♣.♣..♣# ###.#####.....#
#♣...<♣ #.##.....##
#.♣#♣♣# #######'##.....#
#.## #........#.....#
##.# #........#.....#


You could see a quokka (ally target), a friendly quokka (summoned) and a
friendly rat (summoned).

Vanquished Creatures (collateral kills)
  An endoplasm (D:1)
  A goblin (D:1)
  2 hobgoblins (D:1)
  3 jackals (D:1)
  2 ball pythons (D:1)
  2 bats (D:1)
  3 kobolds (D:1)
  A rat (D:1)
15 creatures vanquished.

Notes
Turn   | Place    | Note
-------+----------+-------------------------------------------
     0 | D:1      | Heoruswealwe the Deep Elf Summoner began the quest for the
                  | Orb.
     0 | D:1      | Reached XP level 1. HP: 10/10 MP: 6/6
   118 | D:1      | Found Nesoxut's Book Emporium.
   168 | D:1      | Reached XP level 2. HP: 10/15 MP: 6/8
   392 | D:1      | Slain by a quokka

Illustrated notes

Levels and vault maps discovered:
D:1:      pf_arrival_petrified_forest, layout_basic, serial_shops,
          nicolae_shop_crystal, shop_statue, minmay_lizard_pond

Action                   || total
-------------------------++-------
 Cast: Summon Small Mamm ||    19
Armor: Robe              ||    16
Dodge: Dodged            ||    40
